 Dungeon Crawl Stone Soup version 0.14-a0-1413-g94b8a5e (webtiles) character file.

1120 Drahman the Covert (level 7, -4/32 HPs)
             Began as a Spriggan Enchanter on Dec 11, 2013.
             Killed from afar by an orc wizard (11 damage)
             ... with a magic dart
             ... on Level 5 of the Dungeon.
             The game lasted 00:15:23 (5040 turns).

Drahman the Covert (Spriggan Enchanter)             Turns: 5040, Time: 00:15:24

HP  -4/32        AC  2     Str  6      XL: 7   Next: 76%
MP  13/22        EV 18     Int 16      God:
Gold 238         SH  0     Dex 17      Spells:  3 memorised,  9 levels left

rFire  . . .     SeeInvis +     a - +2 dagger
rCold  . . .     Clarity  .     b - +2 robe
rNeg   . . .     Conserve .     (shield restricted)
rPois  .         rCorr    .     (helmet restricted)
rElec  .         rRot     .     (no cloak)
SustAb . .       Spirit   .     (gloves unavailable)
rMut   .         Warding  .     (boots unavailable)
Saprov . . .     Stasis   .     (no amulet)
                                (no ring)
                                s - cursed -2 ring of protection

@: about to teleport, very slightly contaminated, very quick, somewhat resistant
to hostile enchantments, very stealthy
A: unfitting armour, see invisible, herbivore 3, speed 3, slow metabolism 2
a: no special abilities


You were on level 5 of the Dungeon.
You were hungry.

You visited 1 branch of the dungeon, and saw 5 of its levels.

You collected 238 gold pieces.

Inventory:

Hand weapons
 a - a +2,+2 dagger (weapon)
 p - a +0,+0 cutlass
Missiles
 d - 13 darts (quivered)
 f - 2 darts of frost
Armour
 b - a +2 robe (worn)
Comestibles
 m - a bread ration
Scrolls
 g - 2 scrolls of teleportation
 i - a scroll of immolation
 j - a scroll of enchant weapon III {unknown}
 n - 3 scrolls of blinking
 q - a scroll of identify
 r - a scroll of remove curse {unknown}
Jewellery
 s - a cursed -2 ring of protection (left hand)
Potions
 e - a potion of porridge
 h - a potion of heal wounds {unknown}
 k - 3 potions of restore abilities
 l - 5 potions of curing
 o - a potion of mutation {unknown}
Books
 c - a book of Maledictions

   Spells                             Type                      Level
   *Corona                            Hexes                        1
   Sure Blade                         Hexes/Charms                 2
   *Ensorcelled Hibernation           Hexes/Ice                    2
   *Confuse                           Hexes                        3
   Enslavement                        Hexes                        4
   Invisibility                       Hexes                        6


   Skills:
 - Level 5.7 Short Blades
 - Level 1.1 Throwing
 - Level 3.0 Dodging
 - Level 8.6 Stealth
 + Level 4.8 Spellcasting
 + Level 5.4 Hexes


You had 9 spell levels left.
You knew the following spells:

 Your Spells              Type           Power        Failure   Level  Hunger
a - Corona                Hex            ###....      1%          1    None
b - Ensorcelled Hibernat  Hex/Ice        ##....       10%         2    #......
c - Confuse               Hex            ###.....     6%          3    ###....


Dungeon Overview and Level Annotations

Branches:
Dungeon (5/16)             Temple (0/1) D:5

Altars:
Ashenzari
Trog
Yredelemnul

Annotations:
D:3 ahoge's ghost, average MiBe


Innate Abilities, Weirdness & Mutations

You are tiny and cannot use many weapons and most armour.
You have supernaturally acute eyesight.
You are a herbivore.
You cover ground extremely quickly.
You need consume almost no food.


Message History

* * * LOW HITPOINT WARNING * * *
Casting: Ensorcelled Hibernation
Confirm with . or Enter, or press ? or * to list all spells.
Aiming: Ensorcelled Hibernation
Press: ? - help, Shift-Dir - straight line, f/p - orc priest
Aim: an orc priest, wielding an orcish club and wearing an orcish leather armour The orc priest is unaffected.
The orc wizard barely misses you. The orc priest misses you.
The orc completely misses you.
Drink which item? (? for menu, Esc to quit)
Okay, then.
Read which item? (? for menu, Esc to quit)
As you read the scroll of teleportation, it crumbles to dust.
You feel strangely unstable. The orc wizard barely misses you.
The orc priest becomes somewhat translucent.
The orc wizard hits you with an orcish dagger.
* * * LOW HITPOINT WARNING * * *
The orc misses you.
The orc wizard gestures at you while chanting.
The magic dart hits you!
You die...

#.⌠.⌠.# +..>..+ ... #.⌠$⌠.# ..#
#..# #..(..# ..# #..# ###'###
..# #..# #..#####.# #..# #
#.oo.....# ...#..
#.o.###..######..#.#
#..@###..##......#..
#...#....##.##.....#
####.##....'..##....(#
#....##...I##.####.### ####
#.########.#### #.# ...# #.#
#.# #.#
##.#########.########.#######.#
......>.......................#
#............################.#


You could see an orc priest, an orc wizard and an orc.

Vanquished Creatures
  Grinder (D:4)
  Eustachio (D:4)
  An ogre (D:4)
  Duvessa (D:4)
  Dowan (D:4)
  A crimson imp (D:5)
  2 hounds (D:4)
  A worker ant (D:4)
  A hound skeleton (D:4)
  8 adders
  A worm (D:2)
  An iguana skeleton (D:4)
  3 giant geckos (D:1)
  2 oozes
  An orc (D:5)
  6 giant cockroaches
  11 goblins
  11 hobgoblins
  16 jackals
  A ball python (D:1)
  10 bats
  4 giant newts
  A hobgoblin skeleton (D:4)
  8 kobolds
  A kobold zombie (D:5)
  3 quokkas (D:2)
  7 rats
105 creatures vanquished.

Notes
Turn   | Place    | Note
--------------------------------------------------------------
     0 | D:1      | Drahman, the Spriggan Enchanter, began the quest for the Orb.
     0 | D:1      | Reached XP level 1. HP: 9/9 MP: 4/4
   241 | D:1      | Reached XP level 2. HP: 11/13 MP: 7/7
   245 | D:1      | Learned a level 2 spell: Ensorcelled Hibernation
   865 | D:1      | Reached skill level 4 in Stealth
  1023 | D:1      | Reached XP level 3. HP: 14/16 MP: 11/11
  1549 | D:2      | Reached XP level 4. HP: 18/21 MP: 5/13
  1811 | D:2      | Found a bloodstained altar of Trog.
  1816 | D:2      | Reached skill level 5 in Stealth
  2278 | D:3      | Noticed ahoge's ghost (average MiBe)
  2651 | D:3      | Found a basalt altar of Yredelemnul.
  2651 | D:3      | Found a shattered altar of Ashenzari.
  3012 | D:4      | Reached XP level 5. HP: 11/24 MP: 8/16
  3345 | D:4      | Noticed Eustachio
  3392 | D:4      | Reached skill level 6 in Stealth
  3509 | D:4      | Noticed an ogre
  3515 | D:4      | Killed an ogre
  3515 | D:4      | Reached XP level 6. HP: 28/28 MP: 16/18
  3639 | D:4      | Noticed Duvessa
  3644 | D:4      | Noticed Dowan
  3653 | D:4      | Killed Duvessa
  3935 | D:4      | Killed Dowan
  3935 | D:4      | Reached skill level 7 in Stealth
  3996 | D:4      | Noticed Grinder
  4021 | D:4      | Killed Grinder
  4021 | D:4      | Reached skill level 5 in Short Blades
  4021 | D:4      | Reached skill level 5 in Hexes
  4021 | D:4      | Reached XP level 7. HP: 14/32 MP: 21/21
  4188 | D:4      | Learned a level 3 spell: Confuse
  4290 | D:4      | Reached skill level 8 in Stealth
  4460 | D:4      | Killed Eustachio
  4524 | D:5      | Entered Level 5 of the Dungeon
  5024 | D:5      | Found a staircase to the Ecumenical Temple.
  5040 | D:5      | Killed from afar by an orc wizard

Action                   |  1- 3 |  4- 6 |  7- 9 || total
-------------------------+-------+-------+-------++-------
Melee: Dagger            |   169 |   118 |   109 ||   396
Throw: Dart              |       |    14 |       ||    14
 Cast: Ensorcelled Hiber |     9 |    29 |    11 ||    49
       Corona            |     1 |     2 |       ||     3
  Use: Scroll            |     4 |     8 |     4 ||    16
       Potion            |       |     4 |       ||     4
 Stab: Sleeping          |    10 |    19 |    10 ||    39
       Distracted        |     1 |       |       ||     1
